AoeStats
← antoinedeutsch

Arabia

509315818Analyzed
1v1 RM · 6d ago on Sep 26, 2026· 16m 58s· 2 players
Game mode
Random Map
Map size
Tiny (2 player)
Population
200
Speed
Normal
Resources
Standard
Victory
Conquest
Starting age
Dark Age
Ending age
Imperial Age
RankedLock teamsTeams togetherTeam positionsShared explorationLock speedFull tech treeHidden civsTurbo modeCheats
Victory
Defeat
🇦🇺 Danes · Australia
439
+16
🇫🇷 Turks · France
447
-16
Scotty 1652
8:58 Loom
12:39 Feudal Age
13:48 Man-at-Arms
14:22 Horse Collar
antoinedeutsch
11:14 Loom
13:01 Feudal Age
13:58 Double-Bit Axe
14:01 Horse Collar
Connection lost

Rejoining the realm…

Still unreachable

The connection could not be restored.

Session expired

The server has moved on; the page needs a fresh start.